 Dungeon Crawl Stone Soup version 0.18.1-1-g2f07953 (webtiles) character file.

266 M4edhros the Covert (level 6, 0/38 HPs)
             Began as an Octopode Artificer on May 7, 2016.
             Succumbed to a scorpion's poison
             ... on level 5 of the Dungeon.
             The game lasted 00:02:18 (1717 turns).

M4edhros the Covert (Octopode Artificer)            Turns: 1717, Time: 00:02:19

Health: 0/38       AC:  4    Str:  7 (10) XL:     6   Next: 20%
Magic:  8/8        EV: 12    Int: 14 (15) God:
Gold:   82         SH:  0    Dex: 11 (14) Spells: 0 memorised, 5 levels left

rFire  . . .     SeeInvis .     a - +0 short sword
rCold  . . .     Gourm    .     (no shield)
rNeg   . . .     Faith    .     (helmet restricted)
rPois  .         Spirit   .     (no amulet)
rElec  .         Dismiss  .     g - +3 ring of protection
rCorr  .         Reflect  .     (no ring)
SustAt .         Harm     .     (no ring)
MR     .....                    (no ring)
Stlth  +++++.....               (no ring)
                                (no ring)
                                (no ring)
                                (no ring)

@: lethally poisoned (0 -> -5), not resistant to hostile enchantments, quite
stealthy
A: almost no armour, amphibious, 8 rings, constrict 8, camouflage 1, gelatinous
body 1
a: no special abilities


You were on level 5 of the Dungeon.
You were very hungry.

You visited 1 branch of the dungeon, and saw 5 of its levels.

You collected 82 gold pieces.

Inventory:

Hand Weapons
 a - a +0 short sword (weapon)
Missiles
 q - 30 sling bullets
Armour
 l - a +0 large shield
Jewellery
 g - a +3 ring of protection (left tentacle)
Wands
 b - a wand of flame (15/48)
 c - a wand of enslavement (9/24)
 d - a wand of random effects (14/48)
 p - a wand of random effects (16/48)
Scrolls
 h - a scroll of enchant weapon {unknown}
 k - a scroll of identify {unknown}
 n - a scroll of remove curse {unknown}
 o - a scroll of noise {unknown}
 s - a scroll of random uselessness {unknown}
Comestibles
 f - a bread ration
 i - a meat ration
 r - a beef jerky
 t - 3 fruits


   Skills:
 - Level 1.0 Fighting
 - Level 1.0 Short Blades
 - Level 2.0 Dodging
 + Level 8.7 Stealth
 - Level 3.2 Evocations


You had 5 spell levels left.
You didn't know any spells.

Dungeon Overview and Level Annotations

Branches:
Dungeon (5/15)
 Temple: D:4-7

Altars:
Dithmenos
Qazlal
Vehumet
Xom


Innate Abilities, Weirdness & Mutations

You cannot wear most types of armour.
You are amphibious.
You can wear up to eight rings at the same time.
You can use your tentacles to constrict eight enemies at once.
Your skin changes colour to match your surroundings (Stealth).
Your rubbery body absorbs attacks (AC +1).


Message History

You aren't carrying any potions.
Sorry, you're not good enough to have a special ability.
Read which item? (? for menu, Esc to quit)
Okay, then.
* * * LOW HITPOINT WARNING * * *
You feel sick.
* * * LOW HITPOINT WARNING * * *
You feel sick.
* * * LOW HITPOINT WARNING * * *
You feel sick.
* * * LOW HITPOINT WARNING * * *
You feel sick.
* * * LOW HITPOINT WARNING * * *
You feel sick.
* * * LOW HITPOINT WARNING * * *
You feel sick.
* * * LOW HITPOINT WARNING * * *
You feel sick. The scorpion closely misses you.
Unknown command.
You die...

#.................######.......
###.....................##.#.#...
........................##.......
........(.<#####........##<......
...........#####........##.##....
...............#........##.# ...#
##..............##......... ...#
#...............##......... ...#
#..............@##........##....
#...............# ....# .#
##..##........ss# ....#
##)##..........# #.#########...#
#..# ##### ##... ###s. #..


You could see 2 scorpions.

Vanquished Creatures
  A scorpion (D:4)
  An orc priest (D:3)
  Jessica (D:3)
  Natasha (D:3)
  A gnoll (D:1)
  5 adders
  An ooze (D:4)
  An adder skeleton (D:4)
  An adder zombie (D:3)
  A worm (D:3)
  2 giant geckos
  4 orcs
  5 giant cockroaches
  4 hobgoblins
  4 jackals (D:3)
  3 kobolds
  10 bats
  2 giant newts
  2 goblins (D:1)
  2 rats (D:2)
52 creatures vanquished.

Vanquished Creatures (others)
  A scorpion (D:5)
  A goblin (D:3)
2 creatures vanquished.

Grand Total: 54 creatures vanquished

Notes
Turn   | Place    | Note
--------------------------------------------------------------
     0 | D:1      | M4edhros the Octopode Artificer began the quest for the Orb.
     0 | D:1      | Reached XP level 1. HP: 13/13 MP: 3/3
    48 | D:1      | Reached skill level 2 in Stealth
   113 | D:1      | Reached XP level 2. HP: 18/18 MP: 4/4
   127 | D:1      | Reached skill level 3 in Stealth
   207 | D:1      | Reached skill level 4 in Stealth
   373 | D:1      | Reached XP level 3. HP: 23/23 MP: 5/5
   687 | D:2      | Found a shadowy altar of Dithmenos.
   764 | D:2      | Found a shimmering altar of Xom.
   931 | D:2      | Reached skill level 5 in Stealth
  1103 | D:2      | Reached XP level 4. HP: 28/28 MP: 6/6
  1135 | D:3      | Noticed Natasha
  1142 | D:3      | Killed Natasha
  1142 | D:3      | Reached skill level 6 in Stealth
  1144 | D:3      | Noticed Jessica
  1150 | D:3      | Killed Jessica
  1185 | D:3      | Found a stormy altar of Qazlal.
  1193 | D:3      | Reached XP level 5. HP: 31/33 MP: 7/7
  1232 | D:3      | Reached skill level 7 in Stealth
  1274 | D:3      | Found a radiant altar of Vehumet.
  1488 | D:4      | Reached skill level 8 in Stealth
  1488 | D:4      | Reached XP level 6. HP: 25/38 MP: 8/8
  1575 | D:5      | Entered Level 5 of the Dungeon
  1629 | D:5      | Noticed an ice beast
  1714 | D:5      | HP: 1/38 [poisoned by a scorpion]
  1717 | D:5      | Succumbed to a scorpion's poison

Skill      XL: |  1  2  3  4  5 |
---------------+----------------+-----
Stealth        | 2 4 5 6 8 |  8.7
Fighting       | |  1.0
Short Blades   | |  1.0
Dodging        | |  2.0
Evocations     | |  3.2

Action                   |  1- 3 |  4- 6 || total
-------------------------+-------+-------++-------
Melee: Short sword       |    48 |    66 ||   114
       Constrict         |    12 |    19 ||    31
       Tentacles         |     6 |    14 ||    20
Evoke: Wand              |       |     7 ||     7
  Use: Potion            |       |     3 ||     3
 Stab: Sleeping          |    13 |     8 ||    21
  Eat: Beef jerky        |       |     1 ||     1
Armor: Skin              |    14 |    13 ||    27
Dodge: Dodged            |    19 |    41 ||    60
